 Dungeon Crawl Stone Soup version 0.22-a0-458-gb446440 (webtiles) character file.

284 xccam the Chopper (level 6, -5/47 HPs)
             Began as a Human Monk on June 8, 2018.
             Was a Follower of Ru.
             Killed by divine providence
             ... invoked by an orc priest
              (10 damage)
             ... on level 3 of the Dungeon.
             The game lasted 00:06:59 (3089 turns).

xccam the Chopper (Human Monk)                      Turns: 3089, Time: 00:06:59

Health: -5/47      AC:  3    Str: 13    XL:     6   Next: 54%
Magic:  6/6        EV: 13    Int: 10    God:    Ru [*.....]
Gold:   159        SH:  3    Dex: 16    Spells: 5/5 levels left

rFire    . . .     SeeInvis .   a - +0 hand axe
rCold    . . .     Gourm    .   g - +0 buckler (curse)
rNeg     . . .     Faith    .   b - +0 robe
rPois    .         Spirit   .   (no helmet)
rElec    .         Reflect  .   (no cloak)
rCorr    .         Harm     .   (no gloves)
MR       .....                  k - +0 pair of boots
Stlth    ++........             (no amulet)
HPRegen  0.15/turn              (no ring)
MPRegen  0.10/turn              (no ring)

@: no status effects
A: inability to train armour
a: Renounce Religion


You were on level 3 of the Dungeon.
You worshipped Ru.
Ru was aware of your devotion.
You were not hungry.

You visited 1 branch of the dungeon, and saw 4 of its levels.

You collected 159 gold pieces.

Inventory:

Hand Weapons
 a - a +0 hand axe (weapon)
Armour
 b - a +0 robe (worn)
 g - a cursed +0 buckler (worn)
 k - a +0 pair of boots (worn)
Scrolls
 d - 3 scrolls of random uselessness {unknown}
 e - a scroll of remove curse {unknown}
 f - 3 scrolls of teleportation {unknown}
 h - 5 scrolls of identify
 p - a scroll of enchant armour {unknown}
 q - a scroll of immolation {unknown}
Potions
 i - a potion of resistance
 l - 2 potions of degeneration
 r - a potion of cancellation
Comestibles
 c - 5 rations


   Skills:
 - Level 3.0 Fighting
 + Level 6.9 Axes
 - Level 3.0 Dodging
 - Level 2.0 Stealth


You had 5 spell levels left.
You didn't know any spells.
Your spell library contained the following spells:

 Spells                   Type           Power        Failure   Level  Hunger
 Magic Dart               Conj           #...         54%         1    ##.....
 Conjure Flame            Conj/Fire      #.......     88%         3    ####...
 Slow                     Hex            #.......     67%         2    ###....
 Mephitic Cloud           Conj/Pois/Air  #.......     88%         3    ####...
 Blink                    Tloc           N/A          67%         2    ###....
 Call Imp                 Summ           #.......     67%         2    ###....


Dungeon Overview and Level Annotations

Branches:
Dungeon (4/15)
 Temple: D:4-7

Altars:
Dithmenos
Elyvilon
Fedhas
Ru
Trog
Zin

Annotations:
D:3 Edmund
D:4 Totori's ghost, amateur CeGl


Innate Abilities, Weirdness & Mutations

You cannot train Armour skill.


Message History

You hit the orc priest.
The orc priest is severely wounded.
The orc priest hits you with a short sword.
You barely miss the orc priest.
The orc priest is severely wounded.
The orc priest hits you but does no damage.
You hit the orc priest.
The orc priest is almost dead.
The orc priest hits you with a short sword.
* * * LOW HITPOINT WARNING * * *
You barely miss the orc priest.
The orc priest is almost dead.
The orc priest calls down the wrath of Beogh upon you.
Pain shoots through your body!
* * * LOW HITPOINT WARNING * * *
You barely miss the orc priest.
The orc priest is almost dead.
The orc priest invokes the aid of Beogh against you.
Beogh smites you!
You die...

##########.#..##..# #..##.#.#.
.........#.##.##).# ##..##.#.#.
#........#.##.##.<# #......#.#.
........<#.##..#.## #......#.#.
..########.###.#.# #......#.#.
....(......# #...# ##..##.#.#.
.##############..#######..##.#.#.
...(............o).........#.#.#.
################@..........#.#.#.
.........# ##########..#.#.#.
########.# #......#....)
#.############.####.###.##
#..............# #.# #.##
#.############## #.# #.# ### #.#
#.# #.# #.# #.# #.##


You could see an orc priest.

Vanquished Creatures
  Sigmund (D:2)
  An orc priest (D:3)
  A gnoll (D:1)
  2 adders
  An ooze (D:1)
  2 worms (D:2)
  4 dart slugs
  4 orcs (D:3)
  3 ball pythons
  A giant cockroach (D:3)
  5 goblins
  4 hobgoblins
  3 quokkas
  9 bats
  3 frilled lizards
  8 kobolds
  7 rats
59 creatures vanquished.

Vanquished Creatures (others)
  An orc (D:3)
  4 toadstools (D:1)
5 creatures vanquished.

Grand Total: 64 creatures vanquished

Notes
Turn   | Place    | Note
-------+----------+-------------------------------------------
     0 | D:1      | xccam the Human Monk began the quest for the Orb.
     0 | D:1      | Reached XP level 1. HP: 18/18 MP: 1/1
    49 | D:1      | Reached XP level 2. HP: 13/24 MP: 2/2
   322 | D:1      | Reached skill level 4 in Axes
   322 | D:1      | Reached XP level 3. HP: 29/29 MP: 3/3
   982 | D:2      | Noticed Sigmund
  1015 | D:2      | Killed Sigmund
  1015 | D:2      | Reached skill level 6 in Axes
  1015 | D:2      | Reached XP level 4. HP: 17/35 MP: 4/4
  1015 | D:2      | Reached XP level 5. HP: 20/41 MP: 5/5
  1015 | D:2      | Reached XP level 6. HP: 23/47 MP: 6/6
  1178 | D:2      | Found a glowing silver altar of Zin.
  1178 | D:2      | Found a faded altar of an unknown god.
  1185 | D:2      | Found a blossoming altar of Fedhas.
  1190 | D:2      | Found a bloodstained altar of Trog.
  1192 | D:2      | Found a white marble altar of Elyvilon.
  1214 | D:2      | Became a worshipper of Ru the Awakened
  1218 | D:2      | Gained mutation: You cannot train Armour skill. [Ru sacrifice]
  1218 | D:2      | Reached * piety under Ru
  2629 | D:4      | Found a shadowy altar of Dithmenos.
  2629 | D:4      | Noticed an ogre
  2682 | D:4      | Noticed Edmund
  2682 | D:4      | Noticed Totori's ghost (amateur CeGl)
  3089 | D:3      | Killed from afar by an orc priest

Vault maps used:
D:1:      ldierk_walled_garden_2, minmay_surrounded
D:2:      chequers_temple_overflow_minitemple, minmay_misc_feat_square,
          kennysheep_small_spiral, kennysheep_cluttered_room, uniq_sigmund
D:4:      nicolae_dithmenos_shadow_blocks, uniq_edmund

Skill      XL: |  1  2  3 |
---------------+----------+-----
Axes           | 4 6 |  6.9
Fighting       | |  3.0
Dodging        | |  3.0
Stealth        | |  2.0

Action                   |  1- 3 |  4- 6 || total
-------------------------+-------+-------++-------
Melee: Hand axe          |    94 |   154 ||   248
Invok: Sacrifice Durabil |       |     1 ||     1
  Use: Potion            |     5 |     8 ||    13
       Scroll            |       |     2 ||     2
 Stab: Sleeping          |     2 |     4 ||     6
  Eat: Ration            |       |     2 ||     2
       Chunk             |       |     2 ||     2
Armor: Robe              |    15 |    21 ||    36
Dodge: Dodged            |    70 |    93 ||   163
Block: Buckler           |    12 |    19 ||    31

Table legend:
 A = Spawn XP
 B = Non-spawn XP
 C = Spawn XP percentage of total XP
 D = Spawn monster count
 E = Non-spawn monster count
 F = Spawn count percentage of total count
 G = Total turns spent on level
                    A         B        C        D         E        F      G
               +---------+---------+-------+---------+---------+-------+---------
         Total |       0 |     406 |   0.0 |       0 |      60 |   0.0 |  3089
               +---------+---------+-------+---------+---------+-------+---------
           D:1 |       0 |      61 |   0.0 |       0 |      26 |   0.0 |   961
           D:2 |       0 |     254 |   0.0 |       0 |      14 |   0.0 |  1057
           D:3 |       0 |      91 |   0.0 |       0 |      20 |   0.0 |  1027
               +---------+---------+-------+---------+---------+-------+---------
